Map: 2000 Atmospheres LE

Players

Astrea - Winner!

  • Race: Protoss Protoss
  • League: Grandmaster

Vindicta

  • Race: Terran Terran

Event: DreamHack SC2 Masters 2021 Fall

VOD

Have the link to the VOD?

Description

Time

  • Played on: Aug. 3, 2021, 4:14 p.m.
  • Length: 11:52

All games in this series

Show
View Real Time Build Order
Export as new Build Order

Astrea Protoss - Winner!

Build Orders: 1 Gate Expand, Phoenix Opening, Blink Stalkers 

Get SALT Encoding   

  12  0:00  Probe  
  13  0:12  Probe  
  14  0:17  Pylon  
  14  0:24  Probe (Chrono Boost)  
  15  0:36  Probe (Chrono Boost)  
  15  0:38  Gateway  
  16  0:43  Probe (Chrono Boost)  
  16  0:47  Assimilator  
  17  0:51  Probe  
  18  1:03  Probe  
  19  1:15  Probe  
  20  1:23  Nexus  
  20  1:33  Cybernetics Core  
  20  1:36  Probe  
  21  1:43  Assimilator  
  21  1:48  Probe  
  21  1:51  Pylon  
  22  2:00  Probe (Chrono Boost)  
  23  2:07  Adept (Chrono Boost)  
  23  2:09  Warp Gate  
  23  2:13  Probe (Chrono Boost)  
  26  2:20  Probe (Chrono Boost)  
  27  2:22  Twilight Council  
  27  2:28  Probe (Chrono Boost)  
  28  2:32  Stalker  
  28  2:35  Probe (Chrono Boost)  
  32  2:45  Probe (Chrono Boost)  
  32  2:46  Probe (Chrono Boost)  
  32  2:50  Gateway  
  33  2:52  Probe  
  33  2:54  Probe  
  33  2:55  Blink (Chrono Boost)  
  35  3:04  Probe  
  36  3:08  Probe  
  37  3:16  Probe  
  37  3:19  Sentry  
  40  3:20  Probe  
  41  3:28  Probe  
  41  3:32  Probe  
  41  3:34  Nexus  
  41  3:40  Probe  
  41  3:44  Probe  
  42  3:52  Pylon  
  42  3:54  Phoenix, Probe  
  43  3:57  Stalker, Probe  
  43  4:00  Assimilator  
  43  4:02  Robotics Facility  
  46  4:10  Probe x2  
  46  4:11  Pylon  
  46  4:16  Stalker  
  50  4:22  Stalker, Probe  
  50  4:23  Probe  
  54  4:26  Assimilator  
  54  4:34  Probe  
  54  4:35  Probe  
  54  4:37  Charge (Chrono Boost)  
  56  4:39  Stalker  
  56  4:42  Gateway  
  56  4:43  Gateway  
  56  4:45  Stalker  
  60  4:46  Probe  
  60  4:51  Probe  
  62  4:58  Probe  
  63  5:00  Immortal  
  63  5:01  Probe  
  63  5:05  Stalker  
  70  5:10  Shield Battery  
  70  5:12  Probe x2  
  70  5:13  Stalker  
  74  5:19  Probe  
  75  5:25  Probe  
  75  5:27  Probe  
  77  5:28  Robotics Bay  
  77  5:33  Pylon  
  77  5:34  Pylon  
  73  5:50  Stalker x2  
  73  5:53  Stalker x2  
  81  6:03  Probe x2  
  79  6:07  Probe  
  75  6:13  Stalker x2  
  75  6:16  Observer, Probe (Chrono Boost)  
  76  6:22  Probe x2 (Chrono Boost)  
  78  6:28  Probe (Chrono Boost)  
  78  6:31  Probe x2 (Chrono Boost)  
  81  6:33  Probe (Chrono Boost)  
  81  6:36  Probe (Chrono Boost)  
  81  6:37  Probe  
  80  6:42  Colossus, Probe  
  81  6:48  Probe  
  81  6:50  Probe  
  87  6:54  Forge, Probe  
  87  6:55  Forge  
  87  6:56  Extended Thermal Lance  
  87  6:58  Pylon  
  87  7:00  Probe  
  89  7:02  Probe  
  89  7:04  Assimilator  
  89  7:05  Assimilator  
  89  7:06  Probe  
  91  7:11  Sentry  
  93  7:15  Pylon  
  93  7:16  Pylon, Probe (Chrono Boost)  
  93  7:20  Probe (Chrono Boost)  
  93  7:22  Protoss Ground Weapons Level 1 (Chrono Boost), Protoss Ground Armor Level 1 (Chrono Boost)  
  96  7:23  Gateway  
  96  7:24  Probe (Chrono Boost)  
  96  7:27  Probe (Chrono Boost)  
  96  7:28  Gateway  
  98  7:31  Probe (Chrono Boost)  
  98  7:34  Probe  
  98  7:35  Gateway  
  98  7:36  Colossus (Chrono Boost), Gateway  
  99  7:40  Pylon  
  105  7:45  Pylon  
  105  7:48  Pylon, Zealot x3  
  105  7:49  Zealot  
  113  8:03  Pylon  
  113  8:10  Nexus  
  113  8:13  Zealot x4  
  121  8:20  Warp Prism (Chrono Boost)  
  121  8:23  Pylon  
  121  8:24  Templar Archives  
  122  8:38  Zealot x8  
  132  9:03  Shield Battery  
  132  9:06  High Templar x8  
  132  9:07  Pylon  
  148  9:11  Archon x4  
  148  9:14  Protoss Ground Weapons Level 2 (Chrono Boost)  
  148  9:19  Pylon x2  
  148  9:21  Colossus (Chrono Boost)  
  148  9:23  Photon Cannon  
  154  9:24  Pylon  
  154  9:25  Protoss Ground Armor Level 2 (Chrono Boost)  
  153  9:39  Zealot x8  
  153  9:43  Pylon  
  153  9:44  Pylon  
  169  9:50  Pylon  
  169  9:51  Pylon  
  169  9:53  Pylon  
  165  10:11  Colossus (Chrono Boost)  
  165  10:13  Zealot x8  
  147  10:33  Probe x2  
  147  10:34  Probe x2  
  151  10:41  Zealot x8  
  167  10:45  Gateway, Probe  
  167  10:46  Gateway, Probe x2  
  170  10:54  Probe  
  167  10:58  Probe x2  
  167  11:02  Warp Prism (Chrono Boost)  
  167  11:03  High Templar x8  
  173  11:08  Archon x4  
  173  11:12  Robotics Facility  
  173  11:30  Pylon  
  161  11:48  Stalker x5  
  161  11:49  Stalker  
Show
View Real Time Build Order
Export as new Build Order

Vindicta Terran 

Build Orders:  

Get SALT Encoding   

  12  0:00  SCV  
  13  0:12  SCV  
  14  0:18  Supply Depot  
  14  0:24  SCV  
  15  0:40  SCV  
  15  0:41  Barracks  
  16  0:43  Refinery  
  16  0:52  SCV  
  17  1:04  SCV  
  18  1:16  SCV  
  19  1:28  Orbital Command  
  19  1:29  Marine  
  20  1:48  Command Center  
  20  1:49  Barracks Reactor  
  20  1:57  Supply Depot  
  20  2:01  SCV  
  21  2:13  SCV  
  21  2:15  Factory  
  22  2:20  Bunker  
  22  2:25  SCV  
  22  2:28  Reaper  
  22  2:29  Marine  
  25  2:36  Refinery  
  25  2:37  SCV  
  26  2:49  SCV  
  27  2:51  Marine  
  28  3:01  SCV  
  28  3:02  Orbital Command  
  28  3:04  Widow Mine  
  31  3:06  Starport  
  31  3:08  Marine  
  31  3:11  Marine  
  33  3:18  SCV  
  34  3:21  Supply Depot  
  34  3:25  Widow Mine  
  34  3:26  Marine  
  37  3:29  SCV  
  37  3:30  SCV  
  39  3:41  SCV  
  39  3:44  Medivac  
  39  3:45  SCV  
  39  3:47  Factory Tech Lab  
  41  3:49  Marine x2  
  41  3:53  SCV  
  44  3:57  SCV  
  45  4:02  Supply Depot  
  45  4:05  SCV  
  45  4:06  Siege Tank  
  45  4:07  Marine  
  45  4:09  Marine  
  51  4:11  SCV  
  52  4:17  SCV  
  52  4:23  SCV  
  54  4:24  Marine, Liberator  
  54  4:25  Supply Depot  
  54  4:27  Marine  
  54  4:29  SCV  
  60  4:39  Command Center  
  60  4:46  SCV x2, Siege Tank  
  60  4:47  Marine  
  66  4:54  Supply Depot  
  66  4:55  Marine  
  66  4:56  Supply Depot  
  66  4:59  SCV  
  69  5:00  SCV  
  69  5:09  Barracks, Starport Tech Lab  
  69  5:10  Barracks  
  69  5:12  SCV  
  70  5:18  SCV, Engineering Bay  
  70  5:20  Engineering Bay  
  71  5:22  Siege Tank  
  71  5:26  SCV  
  75  5:30  SCV  
  76  5:35  Refinery  
  76  5:36  Refinery  
  76  5:38  SCV  
  76  5:41  Starport Reactor  
  75  5:48  SCV  
  74  5:51  Marine  
  74  5:53  Orbital Command  
  74  5:54  Siege Tank  
  77  6:03  Terran Infantry Weapons Level 1  
  73  6:04  Barracks Tech Lab  
  73  6:05  SCV  
  73  6:07  Marine  
  73  6:09  Marine  
  61  6:14  SCV  
  61  6:15  Marauder  
  60  6:20  Stimpack  
  60  6:22  SCV  
  60  6:24  Marine  
  62  6:27  SCV  
  62  6:31  Terran Infantry Armor Level 1, Marine, Barracks, Marauder  
  66  6:33  Supply Depot x2, Barracks  
  66  6:34  Orbital Command  
  66  6:36  Marine  
  60  6:40  SCV  
  60  6:42  Marine  
  56  6:48  Marine  
  56  6:52  SCV x2  
  56  6:53  Marauder  
  60  6:54  Marine  
  60  6:56  Combat Shield  
  60  7:00  Marine  
  62  7:04  SCV x3  
  62  7:06  Marine  
  62  7:08  Medivac  
  68  7:12  Marine  
  68  7:15  Medivac  
  71  7:16  Marine, SCV  
  71  7:18  Marine  
  71  7:22  Barracks Tech Lab  
  74  7:24  Barracks Tech Lab  
  74  7:25  SCV  
  74  7:26  Marine  
  74  7:28  SCV  
  78  7:31  Marauder  
  78  7:34  Siege Tank  
  85  7:37  SCV, Marauder  
  85  7:40  SCV  
  85  7:42  Marine  
  87  7:44  Concussive Shells  
  87  7:45  Marauder x2  
  87  7:48  Marine  
  87  7:49  Orbital Command  
  92  7:51  SCV  
  92  7:52  SCV, Marauder  
  98  8:00  Marine  
  98  8:02  Medivac  
  98  8:03  Supply Depot, SCV  
  98  8:04  Supply Depot, SCV  
  103  8:06  Marine x2, Missile Turret  
  103  8:10  Marine  
  104  8:14  Supply Depot, Siege Tank  
  104  8:15  SCV x2  
  104  8:17  Marine, Marauder, Missile Turret  
  104  8:19  SCV  
  113  8:24  Marauder  
  115  8:27  SCV, Missile Turret  
  115  8:32  Marine, Marauder  
  115  8:33  Medivac  
  118  8:35  Medivac  
  118  8:38  Marine  
  118  8:39  Refinery x2  
  118  8:40  Marine  
  124  8:49  Marine  
  124  8:51  Siege Tank  
  124  8:54  Marauder  
  130  8:59  Marine, Marauder  
  130  9:00  Marine  
  130  9:01  Marine, Armory  
  133  9:03  Command Center  
  133  9:07  Marine  
  134  9:10  SCV  
  134  9:14  Marine  
  134  9:16  SCV  
  134  9:17  Marine x2  
  138  9:19  Marine  
  138  9:20  Marine  
  138  9:22  Ghost Academy  
  141  9:25  Viking, Siege Tank  
  141  9:26  Marauder  
  148  9:47  SCV  
  149  9:57  Marine  
  149  9:58  Marine x2, Viking, Medivac, Marauder x2  
  156  10:01  Orbital Command  
  156  10:03  Supply Depot  
  156  10:04  Ghost  
  150  10:10  SCV x2  
  138  10:18  Marine  
  138  10:19  Marine x2, Marauder  
  138  10:20  Marauder  
  115  10:25  SCV x2  
  116  10:29  Ghost Academy  
  116  10:33  SCV, Marauder  
  116  10:34  SCV  
  119  10:36  Marine x2  
  119  10:38  SCV x2, Marauder  
  119  10:40  Marine  
  119  10:41  Marine  
  127  10:45  SCV  
  127  10:46  SCV  
  129  10:52  SCV  
  129  10:54  Marine x2  
  131  10:57  SCV  
  131  10:59  Ghost  
  130  11:05  SCV x2, Supply Depot  
  130  11:06  Supply Depot  
  130  11:08  Siege Tank  
  130  11:09  Marine  
  130  11:10  Marine  
  138  11:18  Missile Turret  
  137  11:21  Marine x2, Marauder  
  141  11:25  SCV  
  141  11:26  SCV  
  141  11:27  Marauder  
  141  11:28  Supply Depot  
  141  11:32  Supply Depot  

Tags
 
Add a new tag
Caveats
  • Supply blocks, unpowered buildings, or Contaminate may cause inaccurate times.
  • Supply counts are checked every 10 seconds.